Map: Jagannatha LE

Players

FatCat - Winner!

  • Race: Zerg Zerg
  • League: Diamond
  • Spawn Location: 1:00

Massa

  • Race: Terran Terran
  • League: Platinum
  • Spawn Location: 7:00

VOD

Have the link to the VOD?

Description

Time

  • Played on: Feb. 26, 2021, 3:52 p.m.
  • Length: 22:08
Show
View Real Time Build Order
Export as new Build Order

FatCat Zerg - Winner!

Build Orders: Hatch First 

Get SALT Encoding   

  12  0:03  Drone  
  13  0:09  Drone  
  14  0:17  Overlord  
  14  0:36  Drone x3  
  17  0:57  Hatchery  
  16  1:08  Spawning Pool  
  16  1:10  Drone  
  16  1:14  Extractor  
  16  1:15  Drone  
  16  1:20  Drone  
  16  1:22  Drone  
  18  1:35  Drone  
  19  1:44  Overlord  
  19  1:56  Zergling x2  
  19  1:57  Queen  
  22  2:15  Drone x2  
  24  2:17  Queen  
  26  2:34  Drone x3  
  29  2:37  Drone  
  29  2:43  Hatchery, Metabolic Boost  
  29  2:46  Drone  
  29  2:47  Drone  
  29  2:51  Drone  
  32  2:58  Overlord  
  32  3:12  Roach Warren  
  31  3:14  Drone  
  31  3:15  Drone x4  
  36  3:20  Extractor  
  36  3:21  Extractor  
  34  3:39  Overlord x2  
  34  3:41  Drone x2  
  36  4:00  Roach x2  
  36  4:01  Roach x2  
  42  4:17  Roach  
  42  4:18  Roach x3  
  47  4:48  Drone x3  
  47  4:49  Drone x3  
  47  4:50  Drone  
  54  4:53  Drone x2  
  54  4:54  Drone  
  57  5:00  Overlord x4  
  57  5:07  Lair  
  57  5:09  Queen  
  57  5:10  Extractor  
  58  5:18  Queen  
  58  5:19  Roach x2  
  58  5:20  Roach x2  
  68  5:32  Drone x3  
  71  5:35  Drone  
  71  5:36  Drone  
  71  5:48  Drone, Spore Crawler  
  71  5:49  Roach x3  
  77  5:50  Spore Crawler  
  77  5:55  Spore Crawler  
  77  5:56  Spore Crawler  
  72  6:15  Spire  
  71  6:19  Spore Crawler  
  71  6:23  Spore Crawler  
  69  6:34  Drone  
  69  6:35  Drone x6, Hydralisk Den  
  69  6:36  Drone  
  69  6:37  Drone x3, Evolution Chamber x2  
  69  6:38  Drone x2  
  79  6:44  Overseer  
  79  7:02  Infestation Pit  
  79  7:04  Zerg Missile Weapons Level 1, Zerg Ground Armor Level 1  
  79  7:06  Grooved Spines  
  78  7:08  Overlord x2  
  78  7:09  Overlord x2  
  78  8:17  Muscular Augments  
  78  8:20  Hydralisk  
  78  8:21  Hydralisk x16  
  112  8:43  Glial Reconstitution  
  112  8:55  Overseer  
  109  9:00  Zerg Ground Armor Level 2, Zerg Missile Weapons Level 2  
  109  9:06  Spore Crawler, Overlord x4  
  108  9:14  Drone  
  108  9:15  Drone x5  
  110  9:26  Overlord x5  
  110  9:32  Pneumatized Carapace  
  110  9:34  Overseer x4  
  110  9:35  Hatchery x2  
  108  9:43  Roach x8  
  110  9:50  Roach  
  100  10:08  Roach x2  
  100  10:09  Roach x3  
  84  10:27  Overseer x5  
  80  10:29  Zergling x12  
  80  10:30  Zergling x2  
  83  11:06  Drone x6  
  83  11:07  Drone x2  
  83  11:10  Hatchery  
  89  11:11  Extractor  
  89  11:12  Extractor  
  81  11:20  Hive  
  81  11:24  Zerg Melee Weapons Level 1  
  81  11:27  Roach  
  81  11:28  Roach x11  
  106  11:40  Drone x3  
  106  11:41  Drone x3  
  106  11:42  Overlord  
  106  11:45  Overlord  
  111  11:56  Drone x2  
  111  11:57  Drone x3  
  116  12:18  Pathogen Glands  
  116  12:29  Corruptor x4  
  118  12:30  Corruptor x3  
  119  12:53  Drone x3  
  119  12:56  Drone x3  
  119  12:57  Drone x6  
  131  12:59  Overlord x5  
  131  13:03  Zerg Missile Weapons Level 3  
  131  13:26  Neural Parasite  
  131  13:28  Infestor x2  
  131  13:29  Infestor x3  
  141  13:34  Extractor x2  
  141  13:35  Drone  
  141  13:36  Drone x7  
  147  13:55  Drone x3  
  150  13:56  Drone x2  
  150  13:57  Drone  
  150  13:59  Extractor  
  150  14:00  Drone x3  
  150  14:01  Hatchery, Extractor  
  150  14:02  Drone x3, Extractor  
  155  14:03  Extractor  
  155  14:04  Hydralisk x2  
  155  14:05  Hydralisk x6  
  159  14:48  Ultralisk Cavern  
  159  14:52  Zerg Melee Weapons Level 2  
  158  15:05  Drone x5  
  158  15:06  Drone x2, Overlord  
  158  15:07  Overlord x3  
  165  15:11  Queen  
  167  15:37  Hatchery  
  167  15:40  Hatchery, Zerg Ground Armor Level 3  
  167  15:42  Chitinous Plating  
  165  15:44  Ultralisk  
  165  15:45  Ultralisk x3  
  189  15:50  Burrow  
  189  15:52  Hydralisk  
  189  15:53  Hydralisk  
  193  17:01  Anabolic Synthesis  
  149  17:28  Hydralisk  
  149  17:29  Hydralisk x5  
  117  18:02  Zergling x12  
  117  18:03  Zergling x18  
  118  18:16  Hydralisk x5  
  116  18:36  Ultralisk x4  
  116  18:37  Ultralisk x5  
  170  18:52  Hydralisk x12  
  194  19:00  Zerg Melee Weapons Level 3  
  194  19:07  Corruptor  
  196  19:21  Overlord x3  
  196  19:22  Overlord  
  196  19:23  Overseer x4  
  196  19:24  Extractor, Overseer x4  
  195  19:26  Extractor  
  194  19:40  Infestor x3  
  174  20:36  Hydralisk x9  
  174  20:37  Hydralisk x3  
  165  21:20  Hydralisk x6  
  165  21:21  Hydralisk x15  
Show
View Real Time Build Order
Export as new Build Order

Massa Terran 

Build Orders: Hellion Banshee 

Get SALT Encoding   

  12  0:00  SCV  
  13  0:12  SCV  
  14  0:23  Supply Depot  
  14  0:24  SCV  
  15  0:44  SCV  
  15  0:46  Barracks  
  15  0:48  Refinery  
  16  0:56  SCV  
  17  1:08  SCV  
  18  1:20  SCV  
  19  1:35  Orbital Command  
  19  1:43  Command Center  
  19  1:56  Barracks Reactor  
  19  2:04  Supply Depot  
  19  2:08  SCV  
  20  2:13  Factory  
  20  2:30  SCV  
  20  2:33  Marine x2  
  23  2:42  SCV  
  24  2:51  Marine x2  
  25  2:58  Supply Depot  
  26  3:01  Orbital Command  
  26  3:04  Starport  
  26  3:08  SCV, Marine  
  26  3:09  Marine  
  26  3:11  Refinery  
  29  3:29  SCV x2  
  29  3:34  Hellion x2  
  35  3:41  Barracks Tech Lab  
  35  3:42  Starport Tech Lab  
  35  3:50  SCV x2  
  37  3:58  Barracks  
  37  4:01  Barracks  
  37  4:04  Hellion x2  
  41  4:27  Hellion x2  
  35  4:53  Widow Mine x2, Marine  
  35  4:54  Banshee  
  35  4:55  Cloaking Field  
  35  4:58  SCV x2  
  45  5:01  Barracks Reactor, Barracks Tech Lab  
  45  5:08  Engineering Bay  
  45  5:10  SCV x2, Factory  
  49  5:14  Marauder  
  49  5:25  Widow Mine x2  
  53  5:28  Stimpack  
  53  5:34  Refinery  
  53  5:35  Refinery, SCV  
  54  5:39  Marauder  
  54  5:56  Factory Tech Lab  
  54  6:02  Marine x2  
  54  6:04  SCV, Marine  
  54  6:05  SCV, Marine  
  54  6:15  Supply Depot  
  54  6:16  Supply Depot x2  
  54  6:19  Supply Depot  
  54  6:20  Supply Depot  
  54  6:35  Combat Shield  
  54  6:37  Banshee, Marine x3, SCV x2  
  54  6:38  Widow Mine x2, Siege Tank  
  69  6:46  Marine  
  70  6:49  SCV  
  70  6:53  Starport  
  71  6:55  Marine x3  
  74  7:02  Barracks  
  74  7:08  Concussive Shells  
  74  7:16  Marauder x2, Marine x2  
  74  7:20  Medivac  
  82  7:28  Widow Mine x2  
  86  7:34  Marine x2  
  88  7:37  Marauder x2  
  88  7:41  Missile Turret  
  88  7:44  Missile Turret  
  92  7:49  Terran Infantry Weapons Level 1  
  92  7:50  Widow Mine, Barracks  
  94  7:58  Supply Depot  
  94  7:59  Supply Depot  
  94  8:20  Widow Mine, SCV x2, Medivac, Siege Tank  
  103  8:32  SCV x2  
  105  8:38  Missile Turret  
  105  8:39  Missile Turret  
  105  8:44  SCV  
  106  8:52  Siege Tank  
  106  9:01  Medivac x2  
  110  9:16  Marine  
  110  9:17  Barracks Reactor, Marine  
  110  9:18  Marauder  
  110  9:20  Widow Mine  
  110  9:23  Widow Mine  
  110  9:25  Marauder  
  110  9:31  Supply Depot x3  
  110  9:32  Supply Depot  
  110  9:35  Supply Depot  
  110  9:37  Marine  
  110  9:41  Medivac x2  
  109  9:53  Marauder, Siege Tank  
  109  9:57  Widow Mine x2  
  98  10:17  Marauder x2, Marine  
  98  10:18  Widow Mine, Marine x3  
  92  10:25  Siege Tank  
  85  10:29  Widow Mine  
  87  10:35  Marine  
  87  10:36  Marine x3  
  87  10:39  Widow Mine, Marauder x2  
  97  10:52  Command Center  
  97  10:53  Marine  
  97  10:54  Marine  
  88  10:57  Siege Tank  
  88  11:00  Marauder x2  
  95  11:07  Widow Mine  
  95  11:10  Marine x2  
  95  11:11  Marine  
  99  11:12  Marine  
  99  11:13  SCV x2  
  101  11:21  Marauder x2  
  101  11:25  Barracks Reactor  
  105  11:29  Siege Tank  
  105  11:30  SCV x2  
  110  11:43  Terran Infantry Armor Level 1, Marauder x2  
  110  11:44  Armory  
  110  11:45  SCV x2  
  116  11:57  SCV  
  116  11:58  SCV  
  118  12:01  Siege Tank  
  118  12:04  Marauder x2  
  118  12:08  Marine x6  
  126  12:10  Planetary Fortress  
  126  12:11  Medivac x2  
  135  12:19  SCV  
  135  12:20  SCV  
  137  12:25  Marine  
  137  12:26  Marauder x2, Marine x4  
  146  12:32  SCV  
  147  12:41  Medivac x2  
  141  13:19  Starport Tech Lab  
  141  13:24  Starport Reactor  
  141  13:28  Command Center  
  141  13:30  Refinery  
  141  13:31  Refinery  
  141  13:33  Sensor Tower  
  141  13:41  SCV x3, Sensor Tower  
  142  13:47  Viking  
  146  13:53  Widow Mine, SCV x2  
  146  13:54  Widow Mine  
  152  14:13  SCV x3  
  155  14:17  Viking  
  155  14:20  Viking x2  
  161  14:25  SCV x2  
  143  14:47  Viking  
  143  14:50  Viking x2  
  149  14:54  Planetary Fortress  
  149  14:57  Refinery  
  149  14:59  Refinery  
  149  15:00  SCV x3, Missile Turret  
  152  15:12  SCV x3, Terran Infantry Weapons Level 2  
  155  15:15  Engineering Bay  
  155  15:17  Viking  
  157  15:22  Marauder x2, Marine x3  
  157  15:23  Viking  
  157  15:24  Viking  
  168  15:33  Missile Turret  
  168  15:40  Missile Turret  
  168  15:41  Sensor Tower  
  168  15:43  Marauder, Command Center  
  168  15:45  Terran Infantry Armor Level 2  
  168  15:47  Viking  
  172  15:52  Barracks  
  172  15:53  Viking x2  
  172  15:55  Barracks  
  176  16:06  Barracks  
  176  16:08  SCV x3  
  176  16:10  SCV  
  180  16:25  Supply Depot  
  180  16:26  Supply Depot  
  180  16:27  SCV, Supply Depot  
  180  16:28  Command Center, Supply Depot  
  180  16:30  Medivac, Supply Depot  
  179  16:43  Command Center  
  179  16:46  Medivac  
  181  17:21  Marauder x2, Marine x6  
  173  17:30  Medivac x3  
  173  17:39  Marine x6  
  173  17:42  Marauder x2  
  145  17:56  Marine  
  145  17:57  Marine x4  
  133  18:00  Medivac x3  
  133  18:01  Siege Tank  
  133  18:02  Widow Mine x2  
  133  18:04  Marauder x2  
  123  18:23  Widow Mine  
  123  18:24  Marine x6  
  123  18:25  Marauder x2  
  127  18:33  Siege Tank  
  126  18:41  Marine  
  126  18:42  Marine x5  
  126  18:44  SCV x4, Sensor Tower  
  126  18:46  Marauder x2  
  138  18:56  SCV  
  139  19:05  Siege Tank  
  139  19:08  Marauder x2  
  146  19:11  Widow Mine x2  
  146  19:14  Marine x4  
  146  19:15  Marine x2  
  156  19:17  Medivac x3  
  162  19:26  Planetary Fortress  
  162  19:29  Marauder x2  
  166  19:32  Widow Mine x2, Marine x4  
  166  19:33  Marine x2  
  166  19:37  Siege Tank  
  179  19:47  Viking x3  
  179  19:50  Marauder, Marine x4  
  182  20:08  Marauder  
  182  20:10  Siege Tank  
  182  20:12  Marauder  
  189  20:17  Viking  
  190  20:30  Marauder  
  192  20:36  SCV x4  
  196  20:43  Command Center  
  196  20:45  Sensor Tower  
  196  20:48  SCV  
  165  21:18  Marauder x2, Marine x2  
  165  21:19  Marine x3  
  165  21:22  Widow Mine x2, Siege Tank  
  118  21:40  Marauder x2  
  118  21:44  Widow Mine  
  118  21:46  Command Center  
  104  21:47  Marine x4  
  104  21:48  Marine x2  
  85  21:56  Barracks Tech Lab x2  
Tags
 
Composition
Hellion Banshee
Matchup
TvZ
Replay Pack
Multiplayer
Spawn Locations
Cross Positions
Add a new tag
Caveats
  • Supply blocks, unpowered buildings, or Contaminate may cause inaccurate times.
  • Supply counts are checked every 10 seconds.